 Dungeon Crawl Stone Soup version 0.28.0-49-g6dfe1f597d (webtiles) character file.

Game seed: 16000194218797692670

183 nickcage the Vexing (level 5, -2/24 HPs)
             Began as a Spriggan Enchanter on May 11, 2022.
             Slain by Grinder (6 damage)
             ... on level 4 of the Dungeon.
             The game lasted 00:07:48 (3090 turns).

nickcage the Vexing (Spriggan Enchanter)            Turns: 3090, Time: 00:07:49

Health: -2/24      AC:  3    Str:  4    XL:     5   Next: 35%
Magic:  10/10      EV: 17    Int: 17    God:
Gold:   166        SH:  0    Dex: 17    Spells: 7/9 levels left

rFire   . . .      SeeInvis +   j - +3 rapier
rCold   + . .      Faith    .   (no shield)
rNeg    . . .      Spirit   .   b - +0 robe
rPois   .          Reflect  .   (helmet restricted)
rElec   .          Harm     .   g - +0 cloak
rCorr   .          Rampage  .   (gloves unavailable)
Will    .....                   (boots unavailable)
Stlth   +++.......              (no amulet)
HPRegen 0.08/turn               l - ring of protection from cold
MPRegen 0.12/turn               (no ring)

@: very quick
A: very small, no large weapons, unfitting armour, see invisible, speed 3
a: no special abilities


You were on level 4 of the Dungeon.
You visited 1 branch of the dungeon, and saw 4 of its levels.

You collected 166 gold pieces.

Inventory:

Hand Weapons
 a - a +1 dagger
 j - a +3 rapier (weapon)
Missiles
 o - 6 poisoned darts
Armour
 b - a +0 robe (worn)
 g - a +0 cloak (worn)
Jewellery
 h - an amulet of guardian spirit
 l - a ring of protection from cold (left hand)
Scrolls
 d - a scroll of enchant weapon {unknown}
 i - 2 scrolls of immolation {unknown}
 k - 2 scrolls of identify {unknown}
 m - a scroll of fear {unknown}
 q - a scroll of amnesia {unknown}
Potions
 c - a potion of invisibility
 e - a potion of brilliance {unknown}
 f - a potion of curing {unknown}
 n - a potion of flight {unknown}
 p - a potion of heal wounds {unknown}


   Skills:
 + Level 4.0 Short Blades
 - Level 2.6 Dodging
 - Level 4.4 Stealth
 - Level 2.6 Spellcasting
 + Level 5.8 Hexes
 - Level 0.2 Ice Magic


You had 7 spell levels left.
You knew the following spells:

 Your Spells              Type           Power      Damage    Failure   Level
a - Ensorcelled Hibernat  Hex/Ice        24%        N/A       8%          2

Your spell library contained the following spells:

 Spells                   Type           Power      Damage    Failure   Level
 Confusing Touch          Hex            22%        N/A       4%          3
 Tukima's Dance           Hex            22%        N/A       4%          3
 Dazzling Flash           Conj/Hex       24%        N/A       16%         3


Dungeon Overview and Level Annotations

Branches:
Dungeon (4/15)
 Temple: D:4-7

Altars:

Shops:
D:1 (

Annotations:
D:4 Grinder


Innate Abilities, Weirdness & Mutations

You are very small and have problems with some larger weapons.
You are too small for most types of armour.
You have supernaturally acute eyesight. (SInv)
You cover ground extremely quickly. (Speed+++)


Message History

Your Short Blades skill increases to level 4!
Found a stone staircase leading down.
An endoplasm comes into view.
Found a stone staircase leading down.
A ball python comes into view.
The helpless endoplasm fails to defend itself.
You impale the endoplasm!!
You kill the endoplasm!
Found 13 gold pieces.
The helpless ball python fails to defend itself.
You puncture the ball python!
You kill the ball python!
No target in view!
Grinder comes into view.
Grinder shouts!
Grinder gestures at you.
You suddenly lose the ability to move!
Grinder gestures at you. Pain shoots through your body!
You can move again.
Grinder gestures at you.
You shrug off the repeated paralysis!
Grinder misses you.
You hit Grinder.
Grinder is lightly wounded.
Grinder hits you.
You hit Grinder.
Grinder is lightly wounded.
Grinder gestures at you. You resist with some effort.
You hit Grinder.
Grinder is moderately wounded.
Grinder hits you.
You writhe in agony.
You hit Grinder.
Grinder is moderately wounded.
Grinder says, "What is the universe for?"
Grinder hits you.
* * * LOW HITPOINT WARNING * * *
You writhe in agony.
You die...

##......#......##.##
#..>................#
#..................##
#..........##.....##
##......##..#..$..##
#......##..#......#
#......#..........##
....####..........##.
#...##@....... ####
#5....... ..........
##......... .........
........# #......##
....#...


You could see Grinder.

Vanquished Creatures
  A scorpion (D:4)
  An iguana (D:2)
  4 adders
  A worm (D:3)
  A dart slug (D:4)
  An orc (D:3)
  5 endoplasms
  3 giant cockroaches
  2 goblins
  6 hobgoblins
  2 jackals (D:3)
  6 kobolds
  2 quokkas
  9 ball pythons
  2 bats
  2 frilled lizards
  12 rats
60 creatures vanquished.

Notes
Turn   | Place    | Note
-------+----------+-------------------------------------------
     0 | D:1      | nickcage the Spriggan Enchanter began the quest for the
                  | Orb.
     0 | D:1      | Reached XP level 1. HP: 9/9 MP: 5/5
    58 | D:1      | Reached skill level 4 in Hexes
   262 | D:1      | Found Okhlitir's Weapon Shoppe.
   424 | D:1      | Reached XP level 2. HP: 13/13 MP: 6/6
   427 | D:1      | Learned a level 2 spell: Ensorcelled Hibernation
   771 | D:1      | Found a faded altar of an unknown god.
  1464 | D:2      | Reached XP level 3. HP: 15/16 MP: 8/8
  1670 | D:2      | Reached skill level 5 in Hexes
  1968 | D:2      | Reached XP level 4. HP: 5/21 MP: 4/9
  2686 | D:3      | Noticed a necrophage
  2955 | D:4      | Noticed a scorpion
  2960 | D:4      | Killed a scorpion
  2961 | D:4      | Reached XP level 5. HP: 24/24 MP: 10/10
  3078 | D:4      | Noticed Grinder
  3081 | D:4      | Paralysed by Grinder for 3 turns
  3090 | D:4      | Slain by Grinder

Illustrated notes

Levels and vault maps discovered:
D:1:      minmay_arrival_split_and_join, layout_basic, serial_shops,
          nicolae_shop_behind_doors, basic_ecumenical_altar,
          minmay_rat_gold_closets
D:2:      layout_loops_ring, minmay_misc_feat_alley
D:3:      layout_loops_cross, minivault_19, hangedman_decor_peaks_small
D:4:      kennysheep_six_static_rooms, layout_cave_pools,
          minmay_temple_entry_poolview, uniq_grinder

Skill      XL: |  1  2  3  4  5 |
---------------+----------------+-----
Hexes          | 4 5 |  5.8
Short Blades   | 2 3 4 |  4.0
Dodging        | |  2.6
Stealth        | |  4.4
Spellcasting   | |  2.6
Ice Magic      | |  0.2

Action                   |  1- 3 |  4- 6 || total
-------------------------+-------+-------++-------
Melee: Dagger            |    62 |       ||    62
       Rapier            |    22 |    36 ||    58
       Punch             |     1 |       ||     1
 Cast: Ensorcelled Hiber |    10 |    10 ||    20
 Stab: Sleeping          |    23 |    17 ||    40
Armor: Robe              |     4 |     3 ||     7
Dodge: Dodged            |    56 |    17 ||    73
